 Dungeon Crawl Stone Soup version 0.28-a0-664-gc179e30c89 (webtiles) character file.

Game seed: 3587327697957303969

1233 Irenicus the Geomancer (level 8, -6/93 HPs)
             Began as a Deep Dwarf Earth Elementalist on Oct 15, 2021.
             Killed from afar by an electric eel (12 damage)
             ... with a bolt of electricity
             ... on level 6 of the Dungeon.
             The game lasted 00:16:12 (2548 turns).

Irenicus the Geomancer (DDEE)                       Turns: 2548, Time: 00:16:13

Health: -6/93      AC: 24    Str: 13    XL:     8   Next: 24%
Magic:  5/10       EV:  2    Int: 23    God:
Gold:   97         SH:  0    Dex: 13    Spells: 4/10 levels left

rFire   . . .      SeeInvis .   j - +1 dagger (holy)
rCold   . . .      Faith    .   (no shield)
rNeg    . . .      Spirit   .   (armour currently unavailable)
rPois   +          Reflect  .   (helmet currently unavailable)
rElec   .          Harm     .   (cloak currently unavailable)
rCorr   .          Rampage  .   (gloves currently unavailable)
Will    +....      NoTele   +   (boots currently unavailable)
Stlth   ++........              (no amulet)
HPRegen 0.00/turn               E - +4 ring of evasion
MPRegen 0.12/turn               I - +6 ring of intelligence

@: tree-form, hasted, very quick
A: stationary, stasis, torment immunity, boosted hp, damage resistance, heal
wounds, sense surroundings 1, no regeneration
a: Heal Wounds


You were on level 6 of the Dungeon.
You were a tree.
You visited 1 branch of the dungeon, and saw 6 of its levels.

You collected 97 gold pieces.


Innate Abilities, Weirdness & Mutations

You are a tree.
Your roots penetrate the ground, keeping you stationary.
You cannot be teleported.
You are immune to unholy pain and torment.
Your maximum health is greatly increased.
Your equipment is partially melded.
You are resistant to damage.
You can heal yourself by infusing magical energy.
You passively map a small area around you.
You do not regenerate.


   Skills:
 - Level 2.1 Dodging
 - Level 2.4 Stealth
 - Level 1.7 Spellcasting
 - Level 0.8 Transmutations
 + Level 13.3 Earth Magic


You had 4 spell levels left.
You knew the following spells:

 Your Spells              Type           Power      Damage    Failure   Level
t - Stone Arrow           Conj/Erth      64%        3d11      2%          3
w - Passwall              Tmut/Erth      28%        N/A       1%          2
z - Sandblast             Erth           100%       2d20      1%          1

Your spell library contained the following spells:

 Spells                   Type           Power      Damage    Failure   Level
 Petrify                  Tmut/Erth      34%        N/A       7%          4
 Freeze                   Ice            8%         1d3       13%         1
 Frozen Ramparts          Ice            4%         1d2       36%         3
 Hailstorm                Conj/Ice       2%         3d3       78%         4

Inventory:

Hand Weapons
 j - a +1 dagger of holy wrath (weapon)
Missiles
 c - 44 stones
Armour
 a - a +0 leather armour (melded)
 f - a +0 buckler
 o - a +0 pair of boots (melded)
 q - a +0 pair of gloves (melded)
Magical Staves
 n - a staff of death {!a}
Jewellery
 E - a +4 ring of evasion (left branch)
 I - a +6 ring of intelligence (right branch)
 S - a +6 ring of strength
 W - a ring of willpower
Wands
 g - a wand of polymorph (4)
Scrolls
 b - a scroll of enchant weapon {unknown}
 h - 2 scrolls of identify {@r1}
 i - a scroll of amnesia
 l - 2 scrolls of teleportation {@r2}
Potions
 d - a potion of flight
 e - a potion of lignification
 k - 2 potions of haste {@q3}
 p - a potion of curing {@q1}

Dungeon Overview and Level Annotations

Branches:
Dungeon (6/15)
 Temple: D:4-7

Altars:
Kikubaaqudgha
Qazlal
Ru
Lugonu

Portals:
Abyss: D:5

Annotations:
D:5 2 runed translucent doors

≈ * ▒.≈≈≈≈.▒ ,
▒.≈S≈≈.▒ , ,
▒.≈S≈≈.▒ ▒J≈≈≈≈.▒
.# ▒.≈≈≈≈.▒
######.#. ▒.≈≈≈≈.▒
#........
▒.≈≈≈≈.▒##.....[..
▒♣≈≈≈≈.▒.......>..
▒.≈≈≈≈.▒..........
▒......▒..........
▒▒▒'▒▒▒▒..........
#........[......
#...............
###########.....
#......##†....
#.####.##.....


You could see a jelly and 2 electric eels.


Message History

The bolt of electricity hits the electric eel.
The electric eel completely resists.
The bolt of electricity hits you but does no damage.
It was a potion of flight.
Your roots keep you in place.
It was a potion of haste.
You feel yourself speed up.
The electric eel shoots out a bolt of lightning at you!
The bolt of electricity hits you.
* * * LOW HITPOINT WARNING * * *
Casting: Stone Arrow (mildly dangerous; 2% risk of failure)
Confirm with . or Enter, or press ? or * to list all spells.
You can't see any susceptible monsters within range! (Use Z to cast anyway.)
What are your orders? t - Creak!
Orders for allies: a - Attack new target. r - Retreat! s - Stop attacking. g - Guard the area. f - Follow me.
Anything else - Cancel.
Okay, then.
Unknown command.
Aiming: Polymorph
Press: ? - help, Shift-Dir - straight line, f - electric eel
Aim: an electric eel (will become a jelly, a killer bee, or a swamp drake, chance to affect: 54%)
The electric eel evaporates and reforms as a jelly!
Aiming: Polymorph
Press: ? - help, Shift-Dir - straight line, f - electric eel, p - jelly
Aim: an electric eel (water, will become a jelly, a river rat, or an adder, chance to affect: 54%)
The electric eel resists with significant effort.
The electric eel shoots out a bolt of lightning at you!
The bolt of electricity hits you!
You die...

Skill      XL: |  1  2  3  4  5  6  7  8 |
---------------+-------------------------+-----
Earth Magic    | 6 7 9 10 12 13 | 13.3
Dodging        | |  2.1
Stealth        | |  2.4
Spellcasting   | |  1.7
Transmutations | |  0.8

Action                   |  1- 3 |  4- 6 |  7- 9 || total
-------------------------+-------+-------+-------++-------
Melee: Dagger            |    13 |    39 |    18 ||    70
       Unarmed           |       |     3 |       ||     3
 Cast: Sandblast         |    30 |    48 |    14 ||    92
       Passwall          |     9 |    20 |     5 ||    34
       Stone Arrow       |       |       |    10 ||    10
 Abil: Heal Wounds       |     1 |       |       ||     1
Evoke: Wand              |       |       |     2 ||     2
  Use: Potion            |       |     1 |     4 ||     5
       Scroll            |       |     4 |     1 ||     5
 Stab: Sleeping          |     3 |     4 |     1 ||     8
Armor: Leather armour    |       |    11 |     5 ||    16
       Skin              |       |       |     1 ||     1
Dodge: Dodged            |    10 |    50 |    39 ||    99

Levels and vault maps discovered:
D:1:      shiori_arrival_maze, layout_basic, lemuel_old_faithful
D:2:      layout_basic, serial_bayou_ford_a, uniq_jessica, uniq_natasha
D:3:      layout_basic, lemuel_round_altar, minmay_misc_feat_four_crosses,
          patterned_corridor, uniq_grinder
D:4:      layout_basic, marbit_many_paths, uniq_pikel
D:5:      due_chaos_kobolds, layout_gridville, nicolae_qazlal_general_emergency,
          minivault_19, serial_bayou_pond_e
D:6:      layout_basic, riverfiend_overflow_shadow_ancestor,
          minmay_temple_entry_large_hall, nrook_pool_corridor,
          serial_bayou_lagoon_a

Notes
Turn   | Place    | Note
-------+----------+-------------------------------------------
     0 | D:1      | Irenicus the Deep Dwarf Earth Elementalist began the quest
                  | for the Orb.
     0 | D:1      | Reached XP level 1. HP: 15/15 MP: 3/3
   261 | D:1      | Reached XP level 2. HP: 16/22 MP: 1/4
   378 | D:1      | Reached skill level 5 in Earth Magic
   509 | D:1      | Learned a level 2 spell: Passwall
   730 | D:2      | Noticed Natasha
   737 | D:2      | Killed Natasha
   738 | D:2      | Reached skill level 6 in Earth Magic
   738 | D:2      | Reached XP level 3. HP: 28/28 MP: 2/5
   937 | D:2      | Reached XP level 4. HP: 36/36 MP: 0/6
  1179 | D:2      | Reached skill level 7 in Earth Magic
  1430 | D:2      | Noticed Jessica
  1436 | D:2      | Killed Jessica
  1437 | D:2      | Reached XP level 5. HP: 38/42 MP: 1/7
  1702 | D:3      | Noticed Grinder
  1719 | D:3      | Paralysed by Grinder for 7 turns
  1734 | D:3      | Killed Grinder
  1735 | D:3      | Reached skill level 9 in Earth Magic
  1735 | D:3      | Reached XP level 6. HP: 31/49 MP: 1/8
  1808 | D:3      | Found a sacrificial altar of Ru.
  1979 | D:4      | Learned a level 3 spell: Stone Arrow
  2001 | D:4      | Found an ancient bone altar of Kikubaaqudgha.
  2026 | D:5      | Entered Level 5 of the Dungeon
  2029 | D:5      | Found a stormy altar of Qazlal.
  2047 | D:5      | Reached skill level 10 in Earth Magic
  2052 | D:5      | Noticed a sky beast
  2057 | D:5      | Killed a sky beast
  2058 | D:5      | Reached XP level 7. HP: 29/55 MP: 0/9
  2103 | D:5      | Noticed a wyvern
  2108 | D:5      | Reached skill level 11 in Earth Magic
  2122 | D:5      | Killed a wyvern
  2163 | D:5      | Reached skill level 12 in Earth Magic
  2246 | D:5      | Reached XP level 8. HP: 16/62 MP: 2/10
  2262 | D:5      | Found a one-way gate to the infinite horrors of the Abyss.
  2262 | D:5      | Identified the +9 short sword "Umoorof" {distort, rElec
                  | SInv}
  2319 | D:5      | Found a large runed translucent door.
  2319 | D:5      | Found a large runed translucent door.
  2321 | D:5      | Found a corrupted altar of Lugonu.
  2373 | D:5      | Reached skill level 13 in Earth Magic
  2543 | D:6      | HP: 6/62 [electric eel/bolt of electricity (7)]
  2548 | D:6      | Killed from afar by an electric eel

Vanquished Creatures
  Grinder (D:3)
  A wyvern (D:5)
  A sky beast (D:5)
  2 necrophages (D:5)
  2 ogres (D:5)
  A bullfrog (D:6)
  A water moccasin skeleton (D:5)
  A bullfrog zombie (D:5)
  2 hounds (D:5)
  A jelly (D:4)
  Jessica (D:2)
  An iguana (D:5)
  A scorpion zombie (D:5)
  Natasha (D:2)
  3 gnolls (D:2)
  2 adders
  2 worms (D:2)
  A dart slug (D:1)
  An orc (D:3)
  6 endoplasms
  4 giant cockroaches (D:1)
  3 goblins
  5 hobgoblins
  6 jackals (D:2)
  6 kobolds
  2 quokkas
  9 ball pythons
  4 bats
  2 frilled lizards
  4 rats
77 creatures vanquished.

Vanquished Creatures (others)
  3 plants (D:2)
3 creatures vanquished.

Grand Total: 80 creatures vanquished

Table legend: (Time is in decaauts)
 A = Elapsed time spent in this place.
 B = Non-inter-level travel time spent in this place.
 C = Inter-level travel time spent in this place.
 D = Time resting spent in this place.
 E = Time spent auto-exploring this place.
 F = Levels seen in this place.
 G = Mean time per level.
                   A        B        C        D        E       F      G
               +--------+--------+--------+--------+--------+-----+--------+
         Total |   2548 |   2480 |     68 |      0 |      0 |   6 |  424.7 |
       Dungeon |   2548 |   2480 |     68 |      0 |      0 |   6 |  424.7 |
               +--------+--------+--------+--------+--------+-----+--------+

Top non-repeatable levels by time:
     D:2: 828 daAuts
     D:1: 668 daAuts
     D:5: 491 daAuts
     D:3: 470 daAuts
     D:4: 60 daAuts
     D:6: 29 daAuts

Table legend:
 A = Non-vault XP
 B = Vault XP
 C = Vault XP percentage of total XP
 D = Non-vault monster count
 E = Vault monster count
 F = Vault count percentage of total count
                 A         B        C        D         E       F
            +---------+---------+-------+---------+---------+-------
      Total |    1401 |     361 |  20.5 |      71 |       6 |   7.8
            +---------+---------+-------+---------+---------+-------
        D:1 |      28 |       3 |   9.7 |      15 |       2 |  11.8
        D:2 |     100 |      70 |  41.2 |      27 |       2 |   6.9
        D:3 |      22 |     286 |  92.9 |      12 |       1 |   7.7
        D:4 |      46 |       2 |   4.2 |       3 |       1 |  25.0
        D:5 |    1109 |       0 |   0.0 |      13 |       0 |   0.0
        D:6 |      96 |       0 |   0.0 |       1 |       0 |   0.0
            +---------+---------+-------+---------+---------+-------
